 Dungeon Crawl Stone Soup version 0.28.0-53-g5a82cb258f (webtiles) character file.

Game seed: 14388812591531160512

603 hal2100 the Skirmisher (level 7, -11/55 HPs)
             Began as a Demonspawn Fighter on June 21, 2022.
             Mangled by Menkaure (21 damage)
             ... on level 5 of the Dungeon.
             The game lasted 00:17:44 (3647 turns).

hal2100 the Skirmisher (Demonspawn Fighter)         Turns: 3647, Time: 00:17:44

Health: -11/55     AC:  9    Str: 21 (25) XL:     7   Next: 18%
Magic:  7/7        EV:  9    Int:  8 (9)  God:
Gold:   166        SH:  4    Dex:  9 (12) Spells: 6/6 levels left

rFire   . . .      SeeInvis .   e - +2 falchion (vorpal)
rCold   . . .      Faith    .   c - +0 buckler
rNeg    . . .      Spirit   .   b - +0 scale mail
rPois   .          Reflect  .   (helmet restricted)
rElec   .          Harm     .   (no cloak)
rCorr   .          Rampage  .   k - +0 pair of gloves
Will    .....                   (no boots)
Stlth   ..........              (no amulet)
HPRegen 0.18/turn               g - +6 ring of strength
MPRegen 0.10/turn               j - ring of flight

@: flying
A: horns 2, rugged brown scales 1, powered by pain 1, talons 1, deterioration 1
a: no special abilities


You were on level 5 of the Dungeon.
You visited 1 branch of the dungeon, and saw 5 of its levels.

You collected 166 gold pieces.

Inventory:

Hand Weapons
 a - a +0 war axe
 e - a +2 vorpal falchion (weapon)
 r - the +8 dagger of Anger {spect, rN+}
   (You found it on level 4 of the Dungeon)

   When its wielder attacks, the weapon's spirit leaps out and strikes again.
   The spirit shares a part of any damage it takes with its wielder.
   rN:        It protects you from negative energy.
Missiles
 f - 40 bolts
 p - 2 atropa-tipped darts (quivered)
Armour
 b - a +0 scale mail (worn)
 c - a +0 buckler (worn)
 i - a +1 helmet
 k - a +0 pair of gloves (worn)
Jewellery
 g - a +6 ring of strength (left hand)
 j - a ring of flight (right hand)
Scrolls
 l - 3 scrolls of identify {unknown}
 m - 2 scrolls of magic mapping {unknown}
 n - a scroll of holy word {unknown}
 t - a scroll of noise {unknown}
Potions
 d - a potion of might
 u - a potion of attraction


   Skills:
 + Level 4.2 Fighting
 * Level 2.9 Long Blades
 + Level 3.8 Axes
 + Level 4.1 Armour
 + Level 1.6 Dodging
 + Level 3.5 Shields


You had 6 spell levels left.
You didn't know any spells.
Your spell library contained the following spells:

 Spells                   Type           Power      Damage    Failure   Level
 Beastly Appendage        Tmut           0%         N/A       83%         1
 Wereblood                Tmut           0%         N/A       92%         2
 Spider Form              Tmut/Pois      0%         N/A       99%         3


Dungeon Overview and Level Annotations

Branches:
Dungeon (5/15)
 Temple: D:4-7

Altars:

Annotations:
D:5 Menkaure


Innate Abilities, Weirdness & Mutations

You have a pair of horns on your head.
You are partially covered in rugged brown scales. (AC +1, +3% HP)
You sometimes gain a little power by taking damage.
You have sharp toenails.
Your body sometimes deteriorates upon taking damage.


Message History

You feel less attractive to monsters.
The hound skeleton bites you but does no damage.
The hound skeleton barely misses you.
It was a potion of invisibility.
You fade into invisibility!
The hound skeleton closely misses you.
It was a potion of flight.
You feel more buoyant. The hound skeleton closely misses you.
The hound skeleton barely misses you.
You hit the hound skeleton.
You destroy the hound skeleton!
It was a potion of mutation.
You feel extremely strange.
You feel yourself wasting away.
Your toenails lengthen and sharpen.
Menkaure calls on the powers of darkness!
Your body is wracked with pain!
* * * LOW HITPOINT WARNING * * *
Your body deteriorates!
You feel weakened.
Menkaure casts a spell.
Menkaure seems to speed up.
The adder hisses angrily.
The adder hisses angrily.
Menkaure rustles a few words.
Menkaure sighs a few words.
The adder hisses angrily.
The adder bites you but does no damage. The adder barely misses you.
The adder bites you but does no damage.
You flicker for a moment.
The adder completely misses you. The adder bites you but does no damage.
You slash the adder!
You kill the adder!
Menkaure calls on the powers of darkness!
Your body is wracked with pain!
* * * LOW HITPOINT WARNING * * *
Your body deteriorates!
You feel clumsy.
You flicker back into view.
You block Menkaure's attack.
You hit Menkaure. You claw Menkaure. You headbutt Menkaure!
Menkaure is severely damaged.
You block Menkaure's attack. Menkaure hits you!!
You die...

#.#.......##.# #.# ...
..#######....# #.# # .#
.........#########.# #. #.#
..#.............##M# .##...
..#.####...####.##.# ....
..#....#.....##.##.# ...
..#.##.#..##.##.##.# ##.###
.....#.#.....##..#.####....#
..##.#.##.##.###@#.M.....#
...#.#.##. #.###M######..#
##.#.#.##. #.......####..#
#......#. #..........$..#
###.#### #####.#.####.## #.#
#.#.# ### #.# #.#.# #.#
..#.. #.# #####


You could see Menkaure (fast).

Vanquished Creatures
  The ghost of Gabide the Archer, an amateur DEHu (D:4)
  An ogre (D:4)
  2 scorpions
  A jelly (D:3)
  An iguana (D:5)
  An orc wizard (D:5)
  2 hound skeletons (D:5)
  6 adders
  An adder skeleton (D:4)
  3 worms
  4 orcs
  8 bats
  4 endoplasms
  A giant cockroach (D:2)
  6 goblins
  6 hobgoblins
  2 jackals (D:3)
  8 kobolds
  2 quokkas (D:1)
  6 ball pythons
  2 frilled lizards
  6 rats
74 creatures vanquished.

Vanquished Creatures (others)
  23 plants (D:3)
23 creatures vanquished.

Grand Total: 97 creatures vanquished

Notes
Turn   | Place    | Note
-------+----------+-------------------------------------------
     0 | D:1      | hal2100 the Demonspawn Fighter began the quest for the Orb.
     0 | D:1      | Reached XP level 1. HP: 18/18 MP: 1/1
   228 | D:1      | Gained mutation: You are partially covered in rugged brown
                  | scales. (AC +1, +3% HP) [demonic ancestry]
   228 | D:1      | Reached XP level 2. HP: 18/24 MP: 2/2
   681 | D:2      | Reached XP level 3. HP: 29/29 MP: 3/3
  1434 | D:3      | Gained mutation: You sometimes gain a little power by
                  | taking damage. [demonic ancestry]
  1434 | D:3      | Reached XP level 4. HP: 26/36 MP: 4/4
  1650 | D:3      | Noticed a scorpion
  1965 | D:3      | Killed a scorpion
  1966 | D:3      | Reached skill level 1 in Dodging
  1966 | D:3      | Reached XP level 5. HP: 43/43 MP: 5/5
  2362 | D:4      | Found a runed translucent door.
  2362 | D:4      | Noticed Gabide's ghost (amateur DEHu)
  2441 | D:4      | Identified the +8 dagger of Anger {spect, rN+}
  2890 | D:4      | Noticed an ogre
  2909 | D:4      | Gained mutation: You have a pair of small horns on your
                  | head. [demonic ancestry]
  2909 | D:4      | Reached XP level 6. HP: 49/49 MP: 6/6
  2916 | D:4      | Reached skill level 1 in Long Blades
  3375 | D:4      | Killed Gabide's ghost
  3376 | D:4      | Gained mutation: You have a pair of horns on your head.
                  | [demonic ancestry]
  3376 | D:4      | Reached XP level 7. HP: 44/55 MP: 7/7
  3461 | D:5      | Entered Level 5 of the Dungeon
  3528 | D:5      | Noticed Menkaure
  3625 | D:5      | Gained mutation: Your body sometimes deteriorates upon
                  | taking damage. [potion of mutation]
  3625 | D:5      | Gained mutation: You have sharp toenails. [potion of
                  | mutation]
  3647 | D:5      | Mangled by Menkaure

Illustrated notes

Levels and vault maps discovered:
D:1:      saegor_arrival_miasma, layout_basic, item_on_display_a
D:2:      layout_rooms, moated_statue, minmay_3d_cube
D:3:      layout_rooms, serial_bayou, serial_bayou_pond_c, serial_bayou_pond_d,
          serial_bayou_shore_b, serial_bayou_pond_b
D:4:      layout_loops_ring, hellmonk_ghost_happy_afterlife, minmay_cut_off
D:5:      layout_basic, minmay_temple_entry_mini_moons, uniq_prince_ribbit1,
          uniq_pikel, uniq_menkaure, uniq_grinder

Skill      XL: |  1  2  3  4  5  6  7 |
---------------+----------------------+-----
Shields        | 3 |  3.5
Armour         | 3 4 |  4.1
Axes           | 2 3 |  3.8
Dodging        | 1 |  1.6
Fighting       | 4 |  4.2
Long Blades    | 2 |  2.9

Action                   |  1- 3 |  4- 6 |  7- 9 || total
-------------------------+-------+-------+-------++-------
Melee: War axe           |   100 |    59 |       ||   159
       Falchion          |       |    47 |    20 ||    67
       Headbutt          |       |     3 |     1 ||     4
       Kick              |       |       |     1 ||     1
  Use: Scroll            |     2 |       |       ||     2
       Potion            |       |     1 |     6 ||     7
Armor: Scale mail        |    88 |    94 |    15 ||   197
       Skin              |       |     4 |       ||     4
Dodge: Dodged            |    60 |    81 |    16 ||   157
Block: Buckler           |    39 |    39 |     7 ||    85
